Unix NetHack Version 5.0.0-0 post-release - last build Jun 10 2026 00:39:30 (3ee93aec679c4c4259841fe613dc97188e26a321,branch:main).

Game began 2026-06-17 22:15:18, ended 2026-06-17 22:27:10.

Felix1, neutral male human Barbarian

        ----------                              ---------
        |........|                             #........|
        |........|          ----------------   #|.......|
        |.........##########................####........|
        |......<.|          |....(.........|   #|.`..{..|
        ----.-----          --------------|-   #-.......|
            #                             #    #---------
            #                             ##   ###
            #                              #   # #
            #@                             #   # #
             #                             ### # #
             #                               # ###
             #                      ---------.---#
             #            ##########-........(...#
             #      #######         |...........|
     --------.---  ##               |...........|
     |...........##`                -------------
     |..........|
     ------------

Felix1 the Pillager        St:18/01 Dx:17 Co:18 In:9 Wi:7 Ch:8  Neutral
Dlvl:3  $:46 HP:50(50) Pw:4(4) AC:7  Xp:4 T:1669 

Latest messages:
 s - a crossbow bolt (10 in total).
 o - an orcish spear (at the ready).
 You smite the floating eye!
 You kill the floating eye!
 Welcome to experience level 4.
 It is not so easy to open this tin.
 You hear water falling on coins.
 You feel tough!
 You must have been leading a healthy life-style.
 You succeed in opening the tin.
 It smells like kobolds.
 Eat it? [yn] (n) y
 You consume homemade kobold.
 You are beginning to feel hungry.
 You swap places with the peaceful garter snake.
 You kill the newt!
 My, this is a yummy slime mold!
 Really step onto that sleeping gas trap? [yn] (n) n
 Really step onto that sleeping gas trap? [yn] (n) n
 You hear bubbling water.
 The giant rat bites!
 You kill the giant rat!
 The garter snake suddenly falls asleep!
 You try to move the boulder, but in vain.
 You can't go down here.
 You climb up the stairs.
 The '5' prefix should be followed by a movement command.
 Double run prefix, canceled.
 You descend the stairs.
 You can't go down here.
 You kill the coyote!
 You kill the coyote!
 You kill the homunculus!
 There is a homunculus corpse here; eat it? [ynq] (n) y
 Ecch - that must have been poisonous!
 You seem unaffected by the poison.
 You finish eating the homunculus corpse.
 m - a bag.
 You swap places with the peaceful little dog.
 There is a black flash as a bag hits the altar.
 There is an altar to Set (chaotic) here.
 You see here a cursed bag.
 What do you want to ready? [- $bo or ?*] <esc>
 Never mind.
 What do you want to drink? [gjq or ?*] <esc>
 Never mind.
 Really quit without saving? [yn] (n) y
 Do you want your possessions identified? [ynq] (y) y
 Do you want to see your attributes? [ynq] (y) y
 Do you want an account of creatures vanquished? [ynaq] (y) q

Inventory:
 Coins    ('$')
  $ - 46 gold pieces
 Weapons  (')')
  s - 10 cursed +0 crossbow bolts
  o - a +0 orcish spear (at the ready)
  a - a +0 battle-axe (weapon in hands)
  b - a +0 short sword (alternate weapon; not wielded)
 Armor    ('[')
  c - an uncursed +0 ring mail (being worn)
 Comestibles  ('%')
  d - an uncursed food ration
  p - 2 uncursed lembas wafers
 Potions  ('!')
  q - an uncursed potion of fruit juice
  j - an uncursed potion of paralysis
  g - an uncursed potion of sickness
 Rings    ('=')
  h - an uncursed +1 ring of adornment (on right hand)
  r - a blessed +1 ring of gain strength (on left hand)
 Wands    ('/')
  v - a wand of light (0:12)
 Tools    ('(')
  n - a cursed stethoscope
 Gems/Stones  ('*')
  u - a cursed citrine stone
  k - a cursed worthless piece of green glass
  t - a cursed worthless piece of orange glass
  i - an uncursed worthless piece of white glass
  l - a cursed worthless piece of yellowish brown glass

Felix1 the Barbarian's attributes:

Background:
 You were a Pillager, a level 4 male human Barbarian.
 You were neutral, on a mission for Crom
 who was opposed by Mitra (lawful) and Set (chaotic).
 You were right-handed.
 You were in the Dungeons of Doom, on level 3.
 You entered the dungeon 1669 turns ago.
 It was nighttime.
 There was a new moon in effect when your adventure ended.
 You had 98 experience points, 62 more were needed to attain level 5.

Basics:
 You had all 50 hit points.
 You had all 4 energy points (spell power).
 Your armor class was 7.
 Your wallet contained 46 zorkmids.
 Autopickup was off.

Final Characteristics:
 Your strength was 18/01 (base:18, limit:18/100).
 Your dexterity was 17 (limit:18).
 Your constitution was 18 (limit:18).
 Your intelligence was 9 (limit:18).
 Your wisdom was 7 (limit:18).
 Your charisma was 8 (base:7, limit:18).

Final Status:
 You weren't hungry.
 You were unencumbered.
 You were wielding an axe.
 You had basic skill with axe.

Final Attributes:
 You were devoutly aligned.
 You were poison resistant.
 You were more charismatic.
 You were warded.
 You survived.

Miscellaneous:
 You didn't encounter any bones levels.
 Total elapsed playing time was 11 minutes and 51 seconds.

Major events:
 Turn
    1: Felix1 the neutral male human Barbarian entered the dungeon
  647: attained the rank of Pillager (level 3)
 1669: quit

You didn't know any spells.

Skills:
 Fighting Skills
   bare handed combat [Basic]
   two weapon combat  [Unskilled]
   riding             [Unskilled]
 Weapon Skills
   dagger             [Unskilled]
   axe                [Basic]
   pick-axe           [Unskilled]
   short sword        [Basic]
   broadsword         [Unskilled]
   long sword         [Unskilled]
   two-handed sword   [Unskilled]
   saber              [Unskilled]
   club               [Unskilled]
   mace               [Unskilled]
   morning star       [Unskilled]
   flail              [Unskilled]
   hammer             [Unskilled]
   quarterstaff       [Unskilled]
   spear              [Unskilled]
   trident            [Unskilled]
   bow                [Unskilled]
 Spellcasting Skills
   attack spells      [Unskilled]
   escape spells      [Unskilled]

Voluntary challenges:
 Character rerolling was not enabled.
 You were illiterate.
 You never genocided any monsters.
 You never polymorphed an object.
 You never changed form.
 You used no wishes.
Achievements:
 You entered a shop.
 You attained the rank of Pillager.

 The Dungeons of Doom: levels 1 to 3
    Level 1:
       A grave.
    Level 2:
       An armor shop.
    Level 3: <- You were here.
       An altar, a fountain.


Vanquished creatures:
  a small mimic
  a floating eye
  a homunculus
 an iguana
  4 coyotes
  2 giant rats
  a brown mold
  2 gnomes
  a gecko
  3 jackals
  a fox
  a goblin
  a grid bug
  a lichen
  a kobold zombie
  2 newts
24 creatures vanquished.

No species were genocided or became extinct.

Goodbye Felix1 the Barbarian...

You quit in The Dungeons of Doom on dungeon level 3 with 546 points,
and 46 pieces of gold, after 1669 moves.
You were level 4 with a maximum of 50 hit points when you quit.

